 Dungeon Crawl Stone Soup version 0.31.0-12-g77e489cdc1 (webtiles) character file.

Game seed: 2875860814906259490

80 ChrisAssaf the Ruffian (level 4, -14/23 HPs)
             Began as a Human Shapeshifter on Feb 20, 2024.
             Demolished by an ogre
             ... wielding a +0 giant club
              (21 damage)
             ... on level 4 of the Dungeon.
             The game lasted 00:06:18 (1458 turns).

ChrisAssaf the Ruffian (Human Shapeshifter)         Turns: 1458, Time: 00:06:18

Health: -14/23     AC:  0    Str: 16    XL:     4   Next: 39%
Magic:  4/4        EV: 16    Int: 10    God:
Gold:   69         SH:  0    Dex: 13    Spells: 3/3 levels left

rFire   + .          .
                       - Unarmed
rCold   . . .        (shield currently unavailable)
rNeg    . . .        a - melded +0 animal skin
rPois   .            (no helmet)
rElec   .            (no cloak)
rCorr   .            (no gloves)
SInv    .            (no boots)
Will    +....        (no amulet)
Stlth   +            e - ring of protection from fire
HPRegen 0.23/turn    (no ring)
MPRegen 0.09/turn

%: no passive effects
@: flux-form, attractive, enlightened, flying, glowing
A: glow, contaminating, reduced hp, explore regen, robust 1, evolution 1,
subdued magic 1, noise suppression
a: Begin Untransformation


You were on level 4 of the Dungeon.
You were something dangerously unstable.
You visited 1 branch of the dungeon, and saw 4 of its levels.

You collected 69 gold pieces.

Inventory:

Hand Weapons
 f - a +0 short sword
Armour
 a - a +0 animal skin (melded)
Jewellery
 e - a ring of protection from fire (left hand)
Talismans
 c - a beast talisman
 d - a flux talisman (active)
Scrolls
 g - a scroll of torment
 k - a scroll of amnesia


   Skills:
 * Level 1.7 Fighting
 * Level 0.9 Armour
 * Level 2.2 Dodging
 * Level 0.6 Stealth
 * Level 3.8 Unarmed Combat
 * Level 3.5 Shapeshifting


You had 3 spell levels left.
You didn't know any spells.
Your spell library was empty.

Dungeon Overview and Level Annotations

Branches:
Dungeon (4/15)
 Temple: D:4-7

Altars:

Annotations:
D:3 2 transporters, Solenn's ghost, amateur MiFi


Innate Abilities, Weirdness & Mutations

You are something dangerously unstable.
You glow with magical radiation, making you easy to see and hit.
Foes you strike become dangerously contaminated with magical radiation.
Your maximum health is decreased, since you lack skill for your form.
You are incapable of wielding weapons or throwing items.
You regain HP and MP as you explore.
You are robust. (+10% HP)
You have hidden genetic potential.
Your spells are a little easier to cast, but a little less powerful.
You passively dampen the noise of your surroundings.


Message History

An ogre comes into view. It is wielding a +0 giant club.
The ogre shouts!
The ogre hits you with a +0 giant club!
Ouch! That really hurt!
* * * LOW HITPOINT WARNING * * *
You feel much better.
The ogre hits you with a +0 giant club!!
Ouch! That really hurt!
* * * LOW HITPOINT WARNING * * *
The ogre attacks as it pursues you! The ogre closely misses you.
The ogre attacks as it pursues you! The ogre hits you with a +0 giant club!
* * * LOW HITPOINT WARNING * * *
It was a potion of attraction.
You feel attractive to monsters.
It was a potion of enlightenment.
You feel very buoyant.
You fly up into the air.
The ogre barely misses you.
It was a potion of mutation.
You feel extremely strange.
Your connection to magic feels subdued.
You feel a hidden potential growing inside you.
You feel robust.
You feel your surroundings grow quieter.
The ogre barely misses you.
You hit the ogre.
The ogre begins to glow.
The ogre is lightly wounded.
You hit the ogre.
The ogre glows dangerously bright.
The ogre is moderately wounded.
The ogre closely misses you.
You hit the ogre.
The ogre shudders as magic cascades through it.
The ogre twists and deforms.
The ogre is moderately wounded.
The ogre barely misses you.
You hit the ogre.
The ogre begins to glow.
The ogre is heavily wounded.
You hit the ogre.
The ogre glows dangerously bright.
The ogre is heavily wounded.
The ogre hits you with a +0 giant club!!
Ouch! That really hurt!
You die...

#.....##.....#.# ###..#
####.####.....#.###....#
#......##.......#....#.......
#.#....##.....##.#..<#####...
#.......#.....###....# #
#.......####### #.####
#.......#########.#
#......#.......##)#
###...##.#####p##.#
##.###.#####O##.#
#.#............#
#.#.#.##..#.####
#......#..#.# ###.#.......#
#.#####.### #.. ...#
#########


You could see an ogre (heavy contam, misshapen).

Vanquished Creatures
  A bombardier beetle (D:3)
  4 orcs (D:4)
  5 ball pythons
  2 giant cockroaches
  2 goblins
  3 hobgoblins (D:2)
  4 jackals (D:2)
  4 kobolds
  4 quokkas
  5 bats
  A frilled lizard (D:2)
  2 rats
37 creatures vanquished.

Notes
Turn   | Place    | Note
-------+----------+-------------------------------------------
     0 | D:1      | ChrisAssaf the Human Shapeshifter began the quest for the
                  | Orb.
     0 | D:1      | Reached XP level 1. HP: 15/15 MP: 1/1
   251 | D:1      | Reached XP level 2. HP: 7/21 MP: 2/2
   877 | D:2      | Reached XP level 3. HP: 12/26 MP: 3/3
  1154 | D:3      | Noticed Solenn's ghost (amateur MiFi)
  1155 | D:3      | Reached XP level 4. HP: 20/32 MP: 4/4
  1182 | D:3      | Found a transporter.
  1193 | D:3      | Found a transporter.
  1416 | D:4      | Noticed an ogre
  1453 | D:4      | Gained mutation: Your spells are a little easier to cast,
                  | but a little less powerful. [potion of mutation]
  1453 | D:4      | Gained mutation: You have hidden genetic potential. [potion
                  | of mutation]
  1453 | D:4      | Gained mutation: You are robust. (+10% HP) [potion of
                  | mutation]
  1453 | D:4      | Gained mutation: You passively dampen the noise of your
                  | surroundings. [potion of mutation]
  1458 | D:4      | Demolished by an ogre

Illustrated notes

Levels and vault maps discovered:
D:1:      denvon_arrival_planthouse, layout_basic
D:2:      layout_loops_ring, serial_co_window_serial,
          co_window_of_opportunity_a, co_window_corner_a, co_window_cross_1,
          co_window_corner_a, co_window_cross_1, co_window_paths_a,
          co_window_of_opportunity_b, co_window_broadway_a,
          co_window_broadway_a, co_window_2corner, co_window_cross_4,
          co_window_corner_ca, co_window_corner_b, glass_columns_a,
          glass_columns_b, glass_columns_c, glass_columns_a, glass_columns_b,
          grunt_ministairs_5, corexii_leaking_fountain
D:3:      layout_loops_ring, kennysheep_ying_yang, gammafunk_ghost_arena,
          dilly_ecumenical_altar_fadedgnrine, minmay_misc_feat_encased
D:4:      layout_loops_cross, hangedman_abyss_or_decor_stagger

Action                     |  1- 3 |  4- 6 || total
---------------------------+-------+-------++-------
  Melee: Unarmed           |   109 |    37 ||   146
    Use: Scroll            |     6 |       ||     6
         Potion            |       |     5 ||     5
 Armour: Skin              |    34 |    20 ||    54
  Dodge: Dodged            |    86 |    23 ||   109
   Form: Flux              |     1 |       ||     1
